[Event "Prague Festival Open 2022"]
[Site "Prague"]
[Date "2022.06.12"]
[Round "4.4"]
[White "Garriga Cazorla, Pere"]
[Black "Suarez Uriel, Adrian"]
[Result "1-0"]
[ECO "D85"]
[WhiteElo "2495"]
[BlackElo "2370"]
[Annotator "TA"]
[PlyCount "103"]
[EventDate "2022.06.10"]
[EventType "swiss"]
[EventCountry "CZE"]
[SourceTitle "playchess.com"]
[Source "ChessBase"]
[SourceQuality "1"]
[TimeControl "40/5400+30:1800+30"]

1. d4 Nf6 2. c4 g6 3. Nc3 d5 4. cxd5 Nxd5 5. e4 Nxc3 6. bxc3 Bg7 7. Qa4+ {[%emt 0:00:05] 7.Nf3 gains popularity.} Nd7 8. Nf3 O-O 9. Qa3 {[%emt 0:00:03] D85: Exchange Grünfeld: Unusual White 7th moves and lines with 7 Nf3.} c5 10. Be2 Qc7 {[%emt 0:06:08] [#]} 11. Be3 $146 {[%emt 0:19:16] The position is equal.} ({Predecessor:} 11. O-O Nf6 12. e5 Nd5 13. dxc5 a5 14. Bd2 Bd7 15. Bc4 e6 16. Bxd5 exd5 17. Rab1 Bf5 {½-½ (40) Gajewski,G (2623)-Tomczak,J (2625) Germany 2021}) 11... Rb8 12. Rb1 ({Don't blunder} 12. Qxa7 $2 cxd4 13. Bd2 (13. Bxd4 $2 e5 $19) 13... dxc3 $19) ({But not} 12. dxc5 b6 $15) 12... a6 13. dxc5 Nf6 14. Nd2 Bd7 15. O-O Bc6 (15... Rfc8 $11 {keeps the balance.}) 16. f3 $16 Nh5 {[%emt 0:00:07] And now ...Be5 would win.} 17. f4 {[%emt 0:05:04] Against Be5} Rbd8 18. Qb4 (18. e5 $16) 18... e5 (18... Nf6 $11) 19. Bxh5 $14 gxh5 20. Rbe1 (20. f5 $5 ) 20... Rd3 21. f5 Qd8 {[%emt 0:16:02] [#]} (21... Rc8 $14) 22. Nc4 $1 $16 Qf6 23. Nd6 Bh6 24. Bxh6 Qxh6 25. Qb2 {[%emt 0:00:13] White is more active.} Qd2 (25... Qg5 $142 26. Re2 h6) 26. Qxd2 $18 Rxd2 27. f6 h6 28. Re3 Kh7 {[%emt 0:00:05] [#]} 29. Rg3 $1 Rg8 {[%emt 0:00:04] Prevents Rg7+.} 30. Rf5 $2 ({Weaker is} 30. Nxf7 Bxe4 31. Re1 Rxg2+ 32. Kf1 R2xg3 33. hxg3 Bd5 34. Nxe5 Bxa2 $11) (30. Rxg8 $18 {White wants to mate with Rg7+.} Kxg8 31. Rf5) 30... Rxg3 $11 31. hxg3 {[%emt 0:00:38][%mdl 4096] Endgame KRB-KRN} b6 $2 {[%emt 0:00:15][%mdl 8192] Black is on the road to losing.} (31... Kg6 $11) 32. Nxf7 $18 {[%emt 0:00:45] White is clearly winning.} Bxe4 {[%emt 0:00:04] [#]} 33. Ng5+ $1 hxg5 {[%emt 0:00:19] KRB-KR} 34. f7 Rxg2+ 35. Kf1 Bxf5 36. f8=Q {[%emt 0:00:13] KQ-KRB} Bh3 37. Qf7+ Kh6 38. Qf6+ Kh7 39. cxb6 Rxg3+ 40. Ke1 {[%emt 0:01:13] Strongly threatening b7.} Bg2 41. Qxe5 h4 42. Kf2 {[%emt 0:03:00][%cal Oe5g3] White threatens Qxg3! and mate.} Bh1 43. c4 {[%emt 0:01:55][%cal Bc3c4,Bc4c5][%mdl 32] Hoping for c5.} Kh6 44. c5 Rg2+ 45. Ke3 Rc2 46. Kd3 Rc1 47. Kd2 Rb1 48. Kc2 Rb4 49. a3 Rb5 50. Qd6+ Kh5 51. Qd1+ Kh6 52. Qxh1 {[%emt 0:03:25] Weighted Error Value: White=0.14 (very precise) /Black=0.52} 1-0

[Event "Prague Festival Open 2022"]
[Site "Prague"]
[Date "2022.06.12"]
[Round "4.5"]
[White "Chan, Kim Yew"]
[Black "Karthik Venkataraman"]
[Result "0-1"]
[ECO "D02"]
[WhiteElo "2316"]
[BlackElo "2480"]
[Annotator "TA"]
[PlyCount "80"]
[EventDate "2022.06.10"]
[EventType "swiss"]
[EventCountry "CZE"]
[SourceTitle "playchess.com"]
[Source "ChessBase"]
[SourceQuality "1"]
[TimeControl "40/5400+30:1800+30"]

1. Nf3 d5 2. g3 Nc6 3. d4 Bf5 4. Bg2 Nb4 5. Na3 e6 6. O-O Nc6 {[%emt 0:00:17] D02: 1 d4 d5 2 Nf3 sidelines, including 2...Nf6 3 g3 and 2...Nf6 3 Bf4.} 7. c4 Bxa3 8. bxa3 Be4 {[%emt 0:01:56] The position is equal.} 9. Qa4 {[%emt 0:14:56] [#]} Qd7 $146 ({Predecessor:} 9... Nge7 10. Bd2 O-O 11. Rfc1 Bxf3 12. Bxf3 Nxd4 13. cxd5 Nxf3+ 14. exf3 Nxd5 15. Rab1 b6 {0-1 (57) Saraci,N (2486)-Pechac,J (2562) Terme Catez 2021}) 10. Rd1 Nge7 11. Bf4 (11. Bf1 $11) 11... O-O 12. Rac1 Rfd8 13. Ne1 Bxg2 14. Kxg2 f6 15. Nd3 b6 16. Nb4 Nxb4 (16... Nxd4 {is more complex.} 17. Qxd7 Rxd7 18. Rxd4 c5) 17. Qxb4 g5 (17... Rac8 $5 ) 18. Bd2 c6 19. a4 Rab8 20. Be1 Nf5 21. c5 b5 22. Qa3 Re8 23. Bc3 ({Better is} 23. axb5 $11 Rxb5 24. Bc3) 23... a6 24. Qb3 Qf7 25. Qc2 (25. axb5 $11 axb5 26. Re1) 25... Ra8 26. Ra1 Qg6 27. Kg1 Kf7 28. axb5 axb5 29. a4 bxa4 30. Rxa4 Rxa4 31. Qxa4 Ne7 32. Qb3 Qe4 33. Rd2 Ra8 (33... h5 {keeps more tension.} 34. Ra2 Nf5 35. h3 Kg6) 34. Ra2 Rxa2 35. Qxa2 $15 {[%emt 0:00:01][%mdl 4096] Endgame KQB-KQN} h5 {[%emt 0:01:00] ...Nf5 is the strong threat.} 36. Qd2 Nf5 {[%emt 0:07:18] Threatens to win with ...Qb1+.} 37. h3 Kg6 38. Qb2 g4 39. h4 Nh6 40. Bd2 $2 {[%emt 0:01:34] [#]} (40. Ba5 $11) 40... Qxe2 {[%emt 0:03:10] Weighted Error Value: White=0.22 (precise) /Black=0.12 (very precise)} 0-1

[Event "Prague Festival Open 2022"]
[Site "Prague"]
[Date "2022.06.12"]
[Round "4.6"]
[White "Domalchuk-Jonasson, Aleksandr"]
[Black "Raja Harshit"]
[Result "1/2-1/2"]
[ECO "E04"]
[WhiteElo "2190"]
[BlackElo "2479"]
[Annotator "TA"]
[PlyCount "147"]
[EventDate "2022.06.10"]
[EventType "swiss"]
[EventCountry "CZE"]
[SourceTitle "playchess.com"]
[Source "ChessBase"]
[SourceQuality "1"]
[TimeControl "40/5400+30:1800+30"]

1. d4 Nf6 2. c4 e6 3. Nf3 d5 4. g3 Bb4+ 5. Bd2 a5 6. Bg2 O-O 7. O-O dxc4 8. Bxb4 axb4 9. Ne5 $1 Nc6 {[%emt 0:05:39] E04: Open Catalan: 5 Nf3.} 10. Nxc6 bxc6 11. Bxc6 Ra5 {[%emt 0:03:35] Black is slightly better.} 12. e3 (12. a3 $15) 12... Ba6 (12... e5 $17 {White must now prevent ...exd4.} 13. dxe5 Ng4) 13. Bf3 (13. Qc1 $11) 13... Qd6 (13... c3 $6 14. bxc3 Bxf1 15. cxb4 $11) (13... c5 $17 14. dxc5 Qc7) 14. Qc2 {[%emt 0:04:40] [#]} (14. Qc1 $15) 14... e5 $146 ({Better is} 14... c3 $1 $17 15. bxc3 Bxf1 16. Kxf1 bxc3 17. Nxc3 c5) ({Predecessor:} 14... c5 15. Rd1 cxd4 16. Rxd4 Qc7 17. Nd2 e5 18. Rh4 Rc8 19. Bg4 b3 20. Qb1 Rd8 21. Ne4 Nxe4 22. Qxe4 g6 23. Qb1 c3 24. Qc1 Rd2 {0-1 (24) Danada,T (2280)-Hera,I (2601) Skalica 2021}) 15. Rd1 b3 16. Qd2 Rxa2 17. Rxa2 bxa2 18. Nc3 exd4 19. exd4 Rb8 20. Ra1 g6 21. Rxa2 Kg7 22. Ra4 Re8 23. Kg2 h5 24. Qf4 Qb6 25. Nd5 ({White should play} 25. h4 $11) 25... Nxd5 $15 26. Bxd5 Re7 {[%emt 0:00:25] And now ...Qb5 would win.} 27. Qf3 Qb5 (27... Bb5 $17 28. Ra2 c6) 28. Bc6 $11 (28. Rxc4 $2 Rd7 29. Rc1 Rxd5 $19) 28... Qb6 {[%emt 0:01:36] [#]} 29. Bd5 {[%emt 0:00:25] Prevents Re6.} (29. Qc3 $1 $14 {keeps the upper hand.}) 29... Bb5 $17 30. Rb4 f6 (30... c5 $1 $15 31. dxc5 Qxc5 32. Qc3+ f6) 31. Qc3 ({Of course not} 31. Bxc4 Bc6 32. Rxb6 Bxf3+ 33. Kxf3 cxb6 $17) (31. b3 $11 c5 32. Rxb5 Qxb5 33. Bxc4) 31... c5 32. dxc5 Qxc5 33. Bf3 Rd7 (33... g5 $1 $17 {[%cal Rg5g4] aiming for ...g4.} 34. Rxb5 Qxb5 35. Bxh5 Rd7) 34. Qe1 (34. Be4 $11) 34... Kf7 (34... Bc6 $17 {( -> ...Bxf3+)} 35. Bxc6 Qxc6+ 36. f3 g5) 35. Kg1 (35. h4 $1 $11) 35... Rd3 (35... Rd8 $1 $17) 36. Be4 (36. Be2 $11 Rb3 37. Rxb3 cxb3 38. Bxb5 Qxb5 39. Qc3) 36... Rd4 (36... Rd8 $5 37. Bf3 h4 38. gxh4 (38. Bg4 $2 f5 $19) 38... Rd6 $17) 37. Bf3 Rd7 38. h4 Rd3 39. Bg2 Rxg3 (39... g5 $1 $17 {[%cal Rg5h4] Threatens to win with ...gxh4.} 40. hxg5 fxg5 41. Rxb5 Qxb5) 40. Rxb5 $1 $15 Rxg2+ $1 41. Kxg2 Qxb5 $17 {[%emt 0:30:04][%mdl 4096] Endgame KQ-KQ} 42. Qe4 Qa6 43. Qd5+ Ke7 44. Qe4+ Kd6 {[%emt 0:00:00] Hoping for ...Qc6.} 45. Qd4+ Kc7 46. f3 Qe6 47. Qc5+ Kd7 48. Kf2 {[%emt 0:00:00] Against Qe2+} Qc6 49. Qd4+ Ke6 50. Qe3+ $1 Kf5 51. Qd4 {[%emt 0:00:00] Prevents Qd5.} g5 52. hxg5 fxg5 {[%emt 0:00:00] ...g4 is the strong threat.} 53. Qh8 $2 (53. Qg7 $1 $11 {and White has nothing to worry.}) 53... Qc5+ $1 $19 54. Kg2 h4 (54... Qd5 $1 $17 {[%cal Rd5d2] Strongly threatening ...Qd2+.} 55. Qxh5 Kf4 56. Qh2+ Ke3 57. Qg1+ Kd2) 55. Qg8 (55. Qh7+ $11 {keeps the balance.} Ke6 56. Qg6+ Ke7 57. Qg7+ Kd8 58. Qc3) 55... Kf4 $17 56. Qe6 Qd4 {[%emt 0:00:00] Prevents Qe4+.} (56... h3+ $1 $17 57. Qxh3 Ke3) 57. Qg4+ $11 Ke3 58. Qxg5+ Qf4 59. Qc5+ Kd2 60. Qf2+ (60. Qd5+ $11 Kc1 61. Qe4 Qg5+ 62. Qg4) 60... Kc1 $2 (60... Kd1 $1 $19 61. Qf1+ Kc2 62. Qe2+ Kb3) 61. Kh3 $2 (61. Qe2 $1 $11 {and White stays safe.}) 61... Kb1 $1 $19 62. Kg2 Ka2 $2 (62... Ka1 $1 $19 63. Kh3 Ka2) 63. Kh3 $11 Qf5+ 64. Kh2 $1 Qf4+ (64... Qf6 $5 65. f4 Kb3 $11) 65. Kh3 Kb1 $2 (65... Qg3+ $11 66. Qxg3 hxg3) 66. Kg2 $19 Ka1 $1 67. Kh3 {[%emt 0:00:00] [#]} Ka2 $1 68. Kg2 {[%emt 0:00:00] [#]} h3+ $1 69. Kxh3 Qh6+ 70. Kg4 Qg7+ 71. Kh5 Qe5+ 72. Kg6 Qxb2 73. Qxb2+ Kxb2 74. f4 {[%emt 0:00:02] Weighted Error Value: White=0.39/Black=0.30} 1/2-1/2

[Event "Prague Festival Open 2022"]
[Site "Prague"]
[Date "2022.06.12"]
[Round "4.7"]
[White "Vishal Choudary B"]
[Black "Sedlak, Nikola"]
[Result "0-1"]
[ECO "B15"]
[WhiteElo "2101"]
[BlackElo "2476"]
[Annotator "TA"]
[PlyCount "80"]
[EventDate "2022.06.10"]
[EventType "swiss"]
[EventCountry "CZE"]
[SourceTitle "playchess.com"]
[Source "ChessBase"]
[SourceQuality "1"]
[TimeControl "40/5400+30:1800+30"]

1. e4 {[%emt 0:00:03] Gormally,D} c6 2. d4 d5 3. Nc3 dxe4 4. Nxe4 Nf6 5. Nxf6+ exf6 6. c3 {[%emt 0:00:55][%cal Bc2c3,Bc3c4][%mdl 32] B15: Caro-Kann: 3 Nc3: 3...g6 and 3...dxe4 4 Nxe4 Nf6 5 Nxf6+ exf6.} Qd5 7. Nf3 Bd6 8. Be2 {[%emt 0:05:52] [#] White is slightly better.} Bc7 $146 ({Predecessor:} 8... O-O 9. O-O Bc7 10. h3 Bf5 11. Re1 Nd7 12. Nh4 Be4 13. g3 Rfe8 14. c4 Qa5 {1-0 (45) Hou,Y (2673)-Jobava,B (2727) Wijk aan Zee 2015 CBM 165 [Gormally,D]}) 9. c4 Qd6 10. O-O O-O 11. h3 Bf5 12. Be3 Be4 13. c5 (13. g3 {is interesting.} Re8 14. Re1 Qd7 15. Nd2) 13... Qd8 14. b4 Nd7 15. Nd2 (15. Bc4 {seems wilder.} f5 16. Ng5 Nf6 17. Nxe4 Nxe4 18. f3) 15... Bg6 16. b5 f5 {[%emt 0:00:07] Threatens to win with ...f4.} 17. bxc6 bxc6 18. Nb3 Nf6 19. Bg5 h6 20. Bh4 Bh7 $1 21. Bxf6 Qxf6 22. d5 ({White should try} 22. Ba6 $11) 22... cxd5 $15 23. Qxd5 Rad8 24. Qc4 Qe5 25. f4 {[%emt 0:01:29] [#]} Qe3+ $40 {[%emt 0:00:27][%mdl 128] Black wants a kill.} 26. Kh1 g5 27. Rf3 Qe4 {[%emt 0:01:05] Black is more active.} 28. fxg5 {[%emt 0:16:45] [#]} (28. Rc1 $17) 28... Qe5 $1 $19 29. g3 hxg5 {[%emt 0:00:08] White must now prevent ...Bg6.} 30. Raf1 f4 (30... Rfe8 $19 {has better winning chances.} 31. R1f2 Bg6) 31. gxf4 $17 gxf4 32. Bd3 {[%emt 0:00:47][%mdl 8192] Inhibits Be4. This costs White the game.} (32. Rxf4 $17 {is tougher.} Kh8 33. R1f2) 32... Rxd3 $19 33. Rxd3 (33. Rg1+ Kh8 34. Rg4 Rxf3 35. Kg2 Rg3+ 36. Kf1 Bd3+) 33... Be4+ 34. Rdf3 (34. Rff3 $142 Re8 35. Qd4) 34... Rd8 35. Kg1 Bxf3 36. Rxf3 Rd1+ 37. Rf1 Qe3+ {[%emt 0:00:15] Black mates.} 38. Kh1 Qxh3+ 39. Kg1 Qg3+ 40. Kh1 {[%emt 0:00:08] [#]} f3 $1 {[%emt 0:00:16] Weighted Error Value: White=0.68/Black=0.05 (flawless)} 0-1

[Event "Prague Festival Open 2022"]
[Site "Prague"]
[Date "2022.06.12"]
[Round "4.8"]
[White "Simek, Petr"]
[Black "Wagner, Dennis"]
[Result "1/2-1/2"]
[ECO "E04"]
[WhiteElo "2332"]
[BlackElo "2586"]
[Annotator "TA"]
[PlyCount "75"]
[EventDate "2022.06.10"]
[EventType "swiss"]
[EventCountry "CZE"]
[SourceTitle "playchess.com"]
[Source "ChessBase"]
[SourceQuality "1"]
[TimeControl "40/5400+30:1800+30"]

1. d4 Nf6 2. c4 e6 3. Nf3 d5 4. g3 dxc4 5. Bg2 c6 6. a4 {[%emt 0:01:34] E04: Open Catalan: 5 Nf3.} Bb4+ 7. Bd2 a5 8. Qc2 O-O 9. Qxc4 Bxd2+ 10. Nbxd2 b6 11. Qc2 Ba6 {[%emt 0:05:52] [#]} 12. Nc4 $146 ({Predecessor:} 12. Ne4 Nxe4 13. Qxe4 Nd7 14. O-O Rc8 15. Rfd1 Qe7 16. Qe3 Rfd8 17. Ne5 Nxe5 18. dxe5 {½-½ (52) Andreikin,D (2724)-Xiong,J (2686) Chess.com INT 2022}) 12... Nd5 13. O-O Nb4 14. Qc3 Nd7 15. Rfd1 Qc7 16. e4 Rac8 (16... Bxc4 $5 17. Qxc4 Rfd8 $11) 17. b3 Nf6 18. e5 Nfd5 19. Qd2 Rcd8 20. Nd6 h6 21. Rac1 Rd7 22. h4 Bd3 23. Bh3 Rfd8 24. h5 Qa7 25. Nh4 Qa6 26. Bg4 Bh7 27. Be2 Qa7 28. g4 Rxd6 29. exd6 Rxd6 30. Nf3 Qe7 {[%emt 0:00:39][%mdl 1024] Black has compensation.} 31. Ne5 Qf6 32. Bf3 Kf8 (32... Nf4 $11 {remains equal.}) 33. Kg2 ({White should try} 33. Bxd5 $16 Rxd5 34. Rc3 (34. Nxc6 Nxc6 35. Rxc6 Qf3 $17)) 33... Qh4 34. Rh1 (34. Bxd5 $16 exd5 35. Qf4) 34... Qd8 $11 {[%emt 0:03:56] The position is equal.} 35. Nc4 Rd7 36. Ne5 Rd6 37. Nc4 Rd7 {[%emt 0:00:27] White must now prevent ...Nd3.} 38. Ne5 {[%emt 0:00:06][%csl LRc6,LRd7] Against Nd3.  Weighted Error Value: White=0.11 (very precise) /Black=0.12 (very precise)} 1/2-1/2

[Event "Prague Festival Open 2022"]
[Site "Prague"]
[Date "2022.06.12"]
[Round "4.9"]
[White "Huzman, Alexander"]
[Black "Costa, Leonardo"]
[Result "1-0"]
[ECO "E05"]
[WhiteElo "2541"]
[BlackElo "2322"]
[Annotator "TA"]
[PlyCount "89"]
[EventDate "2022.06.10"]
[EventType "swiss"]
[EventCountry "CZE"]
[SourceTitle "playchess.com"]
[Source "ChessBase"]
[SourceQuality "1"]
[TimeControl "40/5400+30:1800+30"]

1. Nf3 Nf6 2. c4 e6 3. d4 d5 4. g3 Be7 5. Bg2 O-O 6. O-O dxc4 7. Qc2 a6 8. a4 Bd7 9. Qxc4 Bc6 10. Bf4 Bd6 {[%emt 0:00:04] E05: Open Catalan: 5 Nf3 Be7.} 11. Qc1 Nbd7 12. Nc3 Rb8 {[%emt 0:00:22] The position is equal.} 13. Re1 b5 {[%emt 0:00:07] [#]} 14. Rd1 $146 ({Predecessor:} 14. axb5 axb5 15. e4 b4 16. e5 bxc3 17. bxc3 Be7 {½-½ (17) Naniwadekar,M (2017)-Das,A (2362) ICCF email 2020}) 14... b4 15. Nb1 Bxf3 16. Bxf3 Qe7 17. a5 Bxf4 18. Qxf4 c5 19. Nd2 Rfc8 20. Rac1 e5 21. dxe5 {[%emt 0:00:46] White is more active.} Nxe5 22. Nc4 Nxf3+ (22... Nxc4 $11 23. Rxc4 Rb5) 23. Qxf3 (23. exf3 $16 {Hoping for Rd6.} Rd8 24. Kg2) 23... Rd8 $14 {[%emt 0:02:13] Inhibits Rd6.} 24. Qe3 Kf8 25. Qxe7+ ({White should play} 25. f3 $16) 25... Kxe7 $11 26. f3 Rxd1+ 27. Rxd1 {[%emt 0:00:29] Rd6 is the strong threat.} Rd8 {[%emt 0:01:09] Inhibits Rd6.} 28. Rxd8 Kxd8 {[%emt 0:00:03][%mdl 4096] Endgame KN-KN} 29. Kf2 Ke7 30. e4 Nd7 (30... Ne8 $1 $11 {keeps the balance.}) 31. Ke3 f6 32. f4 {[%emt 0:01:33] And now Kd3 would win.} Ke6 {[%emt 0:03:39] [#]} (32... Nf8 $16) 33. Kd3 $1 $18 h6 $2 {[%emt 0:02:05] [#]} (33... Nb8 34. Nb6 g5) 34. Ne3 $1 h5 35. Kc4 g6 (35... g5 $142 36. Nd5 b3 37. Nc7+ Kd6) 36. Nd5 g5 37. Nb6 gxf4 38. Nxd7 Kxd7 39. gxf4 {[%emt 0:00:04] KP-KP. White mates.} Kd6 40. h4 Kc6 41. e5 f5 42. e6 Kd6 43. e7 Kxe7 44. Kxc5 Ke6 45. b3 {[%emt 0:01:57] Weighted Error Value: White=0.10 (very precise) /Black=0.48} 1-0

[Event "Prague Festival Open 2022"]
[Site "Prague"]
[Date "2022.06.12"]
[Round "4.10"]
[White "Iniyan, P."]
[Black "Van Dael, Siem"]
[Result "1-0"]
[ECO "E71"]
[WhiteElo "2518"]
[BlackElo "2342"]
[Annotator "TA"]
[PlyCount "63"]
[EventDate "2022.06.10"]
[EventType "swiss"]
[EventCountry "CZE"]
[SourceTitle "playchess.com"]
[Source "ChessBase"]
[SourceQuality "1"]
[TimeControl "40/5400+30:1800+30"]

1. d4 Nf6 2. c4 g6 3. Nc3 Bg7 4. e4 d6 5. h3 e5 6. d5 {[%emt 0:08:12] E71: King's Indian: 4 e4 d6 5 h3.} a5 7. Be3 Na6 8. Nf3 {[%emt 0:00:35] The position is equal.} Nc5 9. Nd2 Bd7 {[%emt 0:01:35] [#]} 10. Be2 $146 ({Predecessor:} 10. b3 O-O 11. a3 Qe8 12. Be2 Kh8 13. O-O Ng8 14. b4 Na4 15. Qc2 Nxc3 16. Qxc3 axb4 17. axb4 {½-½ (51) Machidon,C (2266)-Kamsky,G (2674) Chess.com INT 2020}) 10... h5 11. Qc2 h4 12. b3 Nh5 13. Bxh5 Rxh5 14. Rb1 f5 15. a3 b6 16. b4 axb4 17. axb4 Na4 18. f3 $1 Nxc3 19. Qxc3 Bh6 20. Bxh6 Rxh6 21. f4 {[%emt 0:04:01] Prevents Qg5.} fxe4 (21... Qf6 $16) 22. fxe5 (22. O-O $1 $18) 22... Bf5 $2 {[%emt 0:01:10] Loses the game.} (22... Qg5 $16) 23. e6 $18 {[%emt 0:07:00] And now Qg7 would win.} Qg5 24. O-O $1 {[%emt 0:00:17][%cal Oc3g7] Black must now prevent Qg7!} (24. Qg7 O-O-O 25. Nf1 Kb7 $18) 24... Rh7 {[%emt 0:05:09] Prevents Qg7.} (24... Ra2 $2 25. Qg7 $1 Qe7 26. Qxh6) 25. Rbe1 ({Weaker is} 25. Ra1 Rxa1 26. Qxa1 (26. Rxa1 Bxh3 27. g3 Bf5 $16) 26... Qxd2 $18) 25... Ra2 26. Re2 ({Less strong is} 26. Rf2 Qg3 27. Re3 Qe5 28. Qxe5 dxe5 29. Nxe4 Ra1+ 30. Rf1 Rxf1+ 31. Kxf1 Ke7 $18) 26... Qg3 {[%emt 0:03:22] [#]} 27. Re3 {[%emt 0:00:12] Dancing on a razor blade.} ({Not} 27. Nxe4 Qxc3 28. Nxc3 Rxe2 29. Nxe2 Bd3 $11) 27... Qg5 (27... Qe5) 28. Rf2 Ke7 29. Nxe4 Ra1+ 30. Qxa1 Qxe3 31. Qf6+ Ke8 32. Ng5 {[%emt 0:00:08] Weighted Error Value: White=0.10 (very precise) /Black=0.62} 1-0

[Event "Prague Festival Open 2022"]
[Site "Prague"]
[Date "2022.06.12"]
[Round "4.11"]
[White "Alsina Leal, Daniel"]
[Black "Sorm, Daniel"]
[Result "1/2-1/2"]
[ECO "B90"]
[WhiteElo "2508"]
[BlackElo "2306"]
[Annotator "TA"]
[PlyCount "91"]
[EventDate "2022.06.10"]
[EventType "swiss"]
[EventCountry "CZE"]
[SourceTitle "playchess.com"]
[Source "ChessBase"]
[SourceQuality "1"]
[TimeControl "40/5400+30:1800+30"]

1. e4 c5 2. Nf3 e6 3. d4 cxd4 4. Nxd4 Nc6 5. Nc3 a6 6. Be2 d6 7. Be3 Nf6 {[%emt 0:00:15] 7...Bd7 is vanishing.} 8. g4 {[%emt 0:09:30] B90: Sicilian Najdorf: Unusual White 6th moves, 6 Be3 Ng4 and 6 Be3 e5.} d5 9. exd5 Nxd5 10. Nxd5 exd5 (10... Qxd5 $11 11. O-O Bd7) 11. Qd2 $14 Bb4 12. c3 Be7 13. O-O-O O-O 14. Kb1 {[%emt 0:06:26] [#] White is more active.} Ne5 $146 ({Predecessor:} 14... Re8 15. f4 Na5 16. b3 Bf8 17. Bf3 b5 18. h4 Rb8 19. Nc2 h5 20. Qg2 Qc7 {0-1 (38) Ageichenko,G (2385)-Tsarev,V Moscow 1988}) 15. Nf5 Bxf5+ 16. gxf5 Nc4 17. Bxc4 dxc4 18. Qxd8 (18. Qd7 $14) 18... Rfxd8 $11 {[%emt 0:02:44] The position is equal.} 19. Bb6 Rd6 20. Rxd6 Bxd6 {[%emt 0:00:14][%mdl 4096] Endgame KRB-KRB} 21. h3 Rc8 22. Rd1 Rc6 23. Be3 Kf8 24. Kc2 Ke7 25. Rd5 {[%emt 0:00:06] Inhibits Bc5.} Bc7 26. Bc5+ Bd6 27. Bd4 f6 28. b4 cxb3+ 29. axb3 Bc7 30. Bc5+ Ke8 31. f3 Be5 32. c4 g6 33. Be3 Rd6 34. fxg6 hxg6 35. Kd3 Rxd5+ 36. cxd5 {[%emt 0:00:01] KB-KB} f5 37. Kc4 Bd6 38. Bb6 Kd7 39. Kd4 Ba3 40. Kc4 Be7 41. Ba5 Bg5 42. Kd4 $1 Bf6+ 43. Kc5 Be7+ 44. Kd4 Bf6+ 45. Kc4 Bg5 46. Kd4 {[%emt 0:03:18] Weighted Error Value: White=0.04 (flawless) /Black=0.05 (flawless)} 1/2-1/2

[Event "Prague Festival Open 2022"]
[Site "Prague"]
[Date "2022.06.12"]
[Round "4.12"]
[White "Gajic, Mladen"]
[Black "Santiago, Yago De Moura"]
[Result "0-1"]
[ECO "B10"]
[WhiteElo "2321"]
[BlackElo "2498"]
[Annotator "TA"]
[PlyCount "80"]
[EventDate "2022.06.10"]
[EventType "swiss"]
[EventCountry "CZE"]
[SourceTitle "playchess.com"]
[Source "ChessBase"]
[SourceQuality "1"]
[TimeControl "40/5400+30:1800+30"]

1. e4 c6 2. Nf3 d5 3. exd5 cxd5 4. Ne5 Nf6 5. d4 Bf5 6. Bb5+ {[%emt 0:02:30] B10: Caro-Kann: 2 d3 and 2 c4.} Nbd7 7. O-O a6 8. Bd3 {[%emt 0:00:19] The position is equal.} Bxd3 9. Nxd3 e6 {[%emt 0:00:13] [#]} 10. Re1 $146 ({Predecessor:} 10. Bg5 Bd6 11. Nd2 Qc7 12. g3 O-O 13. Qe2 Qxc2 14. Rfc1 Qa4 15. Bxf6 Nxf6 16. Nf3 {½-½ (47) Svidler,P (2723)-Firouzja,A (2749) chess24.com INT 2020}) 10... Bd6 11. Nd2 Qc7 12. h3 O-O 13. c3 b5 14. Nf3 Ne4 15. Nfe5 Nxe5 16. dxe5 Be7 ({Resist} 16... Bxe5 17. Nxe5 Qxe5 18. f3 $16) 17. Be3 a5 18. a3 Rfc8 19. Qg4 Nc5 20. Bxc5 Bxc5 21. a4 Bf8 22. axb5 Qb7 23. Qa4 Rc4 $36 {[%emt 0:01:19][%mdl 2048] Black has the initiative.} 24. Qb3 (24. b4 $1 $15) 24... a4 $17 25. Qc2 Qxb5 26. Qd2 Rac8 27. Rec1 h6 {[%emt 0:01:27] Black is more active.} 28. g3 (28. Ne1 $142) 28... Rd8 {[%emt 0:02:59] And now ...d4 would win.} 29. Ne1 {[%emt 0:00:58] [#]} d4 $1 {[%emt 0:03:54][%cal Od4c3] Threatens to win with ...dxc3!} 30. Qe2 Rb8 31. Nd3 $2 {[%emt 0:01:05] Now White is beyond hope.} (31. Rcb1 $17) 31... dxc3 $19 32. bxc3 a3 {[%emt 0:00:50] Against Nb2} 33. Rc2 Rbc8 34. Qd2 Rd8 {[%emt 0:00:53] [#] ...Rc7 is the strong threat.} 35. Qe2 Rc7 36. Nc1 Qa4 37. Raa2 (37. Na2 {is a better defense.}) 37... Rdc8 38. Qd2 Qa5 39. Ne2 Qxe5 40. Nd4 Qd5 {[%emt 0:00:35] Weighted Error Value: White=0.24 (precise) /Black=0.11 (very precise)} 0-1

[Event "Prague Festival Open 2022"]
[Site "Prague"]
[Date "2022.06.14"]
[Round "6.1"]
[White "Motylev, Alexander"]
[Black "Santiago, Yago De Moura"]
[Result "1/2-1/2"]
[ECO "B12"]
[WhiteElo "2633"]
[BlackElo "2498"]
[Annotator "RC"]
[PlyCount "45"]
[EventDate "2022.06.10"]
[EventType "swiss"]
[EventCountry "CZE"]
[SourceTitle "playchess.com"]
[Source "ChessBase"]
[SourceQuality "1"]
[TimeControl "40/5400+30:1800+30"]

1. e4 c6 2. d4 d5 3. e5 c5 4. Nf3 cxd4 5. Nxd4 Nc6 6. Nxc6 bxc6 7. Bd3 e6 8. O-O a5 9. Re1 Ne7 10. c3 Ng6 11. Nd2 Bc5 12. Nf3 O-O 13. Nd4 f6 14. Bxg6 hxg6 15. Be3 Bxd4 16. Bxd4 f5 17. Bc5 Rf7 18. a4 g5 19. Re3 g4 20. h3 f4 21. Rd3 Ba6 22. Rd4 gxh3 23. Qg4 1/2-1/2